 Dungeon Crawl Stone Soup version 0.21.1-1-g345015f (webtiles) character file.

188831 Mesmaeker13 the Markscentaur (level 17, -5/156 HPs)
             Began as a Centaur Hunter on May 2, 2018.
             Was an Initiate of Gozag.
             Slain by a salamander
             ... wielding a +0 halberd
              (13 damage)
             ... on level 2 of the Snake Pit on May 3, 2018.
             The game lasted 01:48:42 (42126 turns).

Mesmaeker13 the Markscentaur (Centaur Hunter)      Turns: 42126, Time: 01:48:43

Health: -5/156     AC: 26    Str: 13    XL:     17   Next: 49%
Magic:  17/17      EV: 10    Int: 12    God:    Gozag
Gold:   4696       SH:  0    Dex: 18    Spells: 16/16 levels left

rFire    . . .     SeeInvis .   m - +8 storm bow {elec}
rCold    + + .     Gourm    .   (shield currently unavailable)
rNeg     . . .     Faith    .   W - +4 ring mail of the Everdark {rElec rC+ Str-4 Slay+3}
rPois    .         Spirit   .   g - +3 helmet of Awe {Int+2 Stlth+}
rElec    +         Reflect  .   E - scarf {repulsion}
rCorr    .         Harm     .   z - +0 pair of gloves {archery}
MR       +....                  L - +2 centaur barding {rC+}
Stlth    ++........             S - amulet of regeneration
HPRegen  0.76/turn              N - +3 ring of evasion
MPRegen  0.15/turn              A - +3 ring of dexterity

@: gold aura, constricted, repel missiles, very quick
A: large, hooves 3, deformed body, speed 2, tough skin 3
}: 1/15 runes: decaying
a: Potion Petition, Call Merchant, Bribe Branch, Renounce Religion


You were on level 2 of the Snake Pit.
You worshipped Gozag.
Gozag was most pleased with you.
You were not hungry.

You visited 6 branches of the dungeon, and saw 30 of its levels.
You also visited: Sewer.

You collected 10647 gold pieces.
You spent 4249 gold pieces at shops.
You paid 1702 gold pieces to Gozag.

Inventory:

Hand Weapons
 d - the +9 flail of Huttotom {vamp, rElec rPois Int+2 Stlth+}
   (You bought it in a shop on level 14 of the Dungeon)

   It inflicts no extra harm, but heals its wielder when it wounds a living foe.
   It affects your intelligence (+2).
   It insulates you from electricity.
   It protects you from poison.
   It makes you more stealthy.
 m - the +8 storm bow (weapon) {elec}
   (You found it on level 2 of the Orcish Mines)

   It charges the ammunition it shoots with electricity; occasionally upon a
   hit, such missiles may discharge and cause terrible harm.
 K - the +7 rapier "Spider's Undoing" {freeze, rElec MR++ Dex-4 Stlth-}
   (You found it on level 10 of the Dungeon)

   It has been specially enchanted to freeze those struck by it, causing extra
   injury to most foes and up to half again as much damage against particularly
   susceptible opponents.
   It can also slow down cold-blooded creatures.
   It affects your dexterity (-4).
   It insulates you from electricity.
   It affects your resistance to hostile enchantments.
   It makes you less stealthy.
Missiles
 b - a throwing net
 h - 8 javelins
 n - 13 bolts
 C - 3 steel javelins
 Q - 299 arrows (quivered)
Armour
 g - the +3 helmet of Awe (worn) {Int+2 Stlth+}
   (You bought it in a shop on level 11 of the Dungeon)

   It affects your intelligence (+2).
   It makes you more stealthy.
 p - the +1 leather armour "Uhyfesia" {rPois rN+ Stlth+}
   (You bought it in a shop on level 1 of the Snake Pit)

   It protects you from poison.
   It protects you from negative energy.
   It makes you more stealthy.
 z - a +0 pair of gloves of archery (worn)
 E - a scarf of repulsion (worn)
 L - a +2 centaur barding of cold resistance (worn)
 W - the +4 ring mail of the Everdark (worn) {rElec rC+ Str-4 Slay+3}
   (You found it on level 6 of the Lair of Beasts)

   It affects your strength (-4).
   It affects your accuracy and damage with ranged weapons and melee attacks
   (+3).
   It protects you from cold.
   It insulates you from electricity.
Jewellery
 j - a cursed -2 ring of strength
 A - a +3 ring of dexterity (right hand)
 N - a +3 ring of evasion (left hand)
 S - an amulet of regeneration (around neck)
Wands
 a - a wand of paralysis (13)
Scrolls
 f - 3 scrolls of blinking
 k - 7 scrolls of remove curse
 o - a scroll of fear
 q - 6 scrolls of teleportation
 v - 2 scrolls of brand weapon {unknown}
 F - 4 scrolls of magic mapping
 G - 2 scrolls of summoning
 H - 6 scrolls of fog
 Z - 2 scrolls of vulnerability {unknown}
Potions
 c - 2 potions of resistance
 e - 5 potions of brilliance
 l - 6 potions of curing
 s - 4 potions of haste
 u - 5 potions of agility
 x - 4 potions of flight
 D - 3 potions of berserk rage {unknown}
 I - 2 potions of ambrosia {unknown}
 O - 5 potions of might
 T - a potion of experience {unknown}
 U - 9 potions of heal wounds
 V - 2 potions of magic {unknown}
 Y - a potion of cancellation {unknown}
Comestibles
 t - 24 rations


   Skills:
 + Level 15.0 Fighting
 - Level 11.4 Short Blades
 - Level 5.1 Maces & Flails
 - Level 20.0 Bows
   Level 10.0 Crossbows
 - Level 12.2 Armour
 + Level 5.5 Dodging
 - Level 0.4 Stealth


You had 16 spell levels left.
You didn't know any spells.

Dungeon Overview and Level Annotations

Branches:
Dungeon (15/15)            Temple (1/1) D:6            Lair (6/6) D:8
  Swamp (4/4) Lair:3        Snake (2/4) Lair:2        Slime (0/5) Lair:6
    Orc (2/2) D:9             Elf (0/3) Orc:2        Vaults (0/5) D:14
 Depths (0/5) D:15

Altars:
Fedhas
Gozag
Kikubaaqudgha
Nemelex Xobeh
Okawaru
Trog
Vehumet
Wu Jian
Xom
Yredelemnul
The Shining One
Beogh
Jiyva

Shops:
D:7 (   D:8 }   D:10 %   D:11 [   D:12 }   D:14 }[(*   Orc:2 !}??   Snake:1 *%(

Annotations:
D:14 exclusion: Roxanne, Roxanne


Innate Abilities, Weirdness & Mutations

You have hooves in place of feet.
Armour fits poorly on your strangely shaped body.
You cover ground very quickly.
You have extremely tough skin. (AC +3)


Message History

You clumsily bash the naga warrior but do no damage.
You kick the naga warrior.
The naga warrior is almost dead.
You feel sick.
The naga warrior hits you with a short sword!!
* * * LOW HITPOINT WARNING * * *
x2 The naga warrior constricts you.
The salamander hits you from afar with a halberd.
* * * LOW HITPOINT WARNING * * *
You are engulfed in flames!
* * * LOW HITPOINT WARNING * * *
You feel better.
The naga warrior hits you with a short sword.
* * * LOW HITPOINT WARNING * * *
x2 The naga warrior constricts you.
The salamander hits you from afar with a halberd!
* * * LOW HITPOINT WARNING * * *
You are engulfed in flames!
You die...
Your body crumbles into a pile of gold.

.....#..###...... ..##
#(.. #..............#
...##N...
##............## ......(
# #............# #....N
###.........#..## #...#
##........####..## #..#
...#....### ##..###(.##
...#...## #....(...#
##.....## #.@NN.....#
#......######...$..###..#
#######....##..##### ##.#
#####.#### # #.# ###


You could see a naga warrior and a salamander.

Vanquished Creatures
  Nikola (Swamp:2)
  Rupert (Orc:2)
  Agnes (D:15)
  5 thorn hunters
  2 orc warlords
  An emperor scorpion (D:15)
  Nessos (D:15)
  A dire elephant (D:15)
  A fire dragon (Lair:6)
  Josephine (Orc:2)
  An ogre mage (D:15)
  Harold (Orc:1)
  2 naga warriors (Snake:1)
  4 vault guards
  20 hydras
  A catoblepas (D:15)
  4 ghost crabs
  2 anacondas (Snake:1)
  The ghost of Terandir the Cleaver, a novice HOMo of Beogh (D:10)
  9 alligators
  11 centaur warriors
  A tengu warrior (Swamp:4)
  A death yak (Lair:3)
  11 two-headed ogres
  A shock serpent (Snake:1)
  4 orc high priests (Orc:2)
  Sonja (D:13)
  A deep elf knight (D:14)
  12 skeletal warriors
  A glowing orange brain (shapeshifter) (D:15)
  10 swamp dragons
  2 unseen horrors
  3 shambling mangroves
  2 mana vipers (Snake:1)
  4 orc knights (Orc:2)
  A lindwurm (Lair:6)
  3 deep elf magi
  3 oklob plants
  2 cyclopes (D:13)
  4 orc sorcerers (Orc:2)
  12 ugly things
  A salamander (Snake:1)
  2 manticores (D:15)
  9 black mambas
  2 torpor snails
  2 molten gargoyles (Lair:6)
  3 naga magi (Snake:1)
  19 spiny frogs
  2 gargoyles
  2 kobold demonologists
  2 rime drakes
  6 komodo dragons
  The ghost of Tiareth the Magician, a novice DECj (D:4)
  A tengu conjurer (Swamp:4)
  A polar bear (Lair:4)
  3 meliai (D:15)
  A slime creature (shapeshifter) (D:13)
  6 trolls
  18 hornets
  15 slime creatures
  5 tyrant leeches
  Grinder (D:5)
  9 bog bodies
  6 hippogriffs
  43 blink frogs
  6 dream sheep (Lair:6)
  2 shadows
  8 spriggans
  4 wraiths (Orc:2)
  6 wyverns
  2 vampires (D:13)
  41 yaks
  8 basilisks
  16 vampire mosquitoes
  3 hungry ghosts
  A steam dragon (Lair:6)
  A warg (Orc:1)
  Edmund (D:5)
  24 swamp worms
  16 insubstantial wisps
  4 hell hounds
  5 nagas
  2 acid dragons
  Duvessa (D:4)
  5 water moccasins
  11 porcupines
  12 swamp drakes
  A phantom (D:6)
  59 orc warriors
  5 black bears
  A hornet zombie (D:14)
  4 ice beasts
  4 sky beasts
  20 ogres
  6 centaurs
  4 necrophages
  11 crocodiles
  28 wolves
  23 bullfrogs
  6 big kobolds
  A gnoll sergeant (D:8)
  Dowan (D:4)
  3 scorpions
  7 electric eels
  A howler monkey (D:6)
  5 lava snakes (Lair:6)
  8 crimson imps
  3 centaur zombies
  2 quasits
  3 bullfrog zombies
  4 centaur skeletons
  37 orc priests
  7 hounds
  9 jellies
  Crazy Yiuf (D:3)
  A bullfrog skeleton (D:5)
  4 iguanas
  Ijyb (D:5)
  Natasha (thrice) (D:2)
  28 orc wizards
  9 worker ants
  2 hound zombies
  2 hound skeletons
  10 adders
  9 gnolls
  6 shadow imps
  5 oozes (D:8)
  An adder skeleton (D:9)
  5 worms
  2 dart slugs
  7 leopard geckos
  167 orcs
  7 bats
  15 giant cockroaches
  8 goblins
  6 hobgoblins
  15 jackals
  26 kobolds
  4 quokkas
  3 ball pythons
  13 frilled lizards
  A jackal skeleton (D:6)
  A leopard gecko skeleton (D:4)
  A quokka skeleton (D:8)
  7 rats
1122 creatures vanquished.

Vanquished Creatures (others)
  A bush (Lair:6)
  19 fungi
  11 plants
31 creatures vanquished.

Grand Total: 1153 creatures vanquished

Notes
Turn   | Place    | Note
-------+----------+-------------------------------------------
     0 | D:1      | Mesmaeker13 the Centaur Hunter began the quest for the Orb.
     0 | D:1      | Reached XP level 1. HP: 17/17 MP: 1/1
   328 | D:1      | Reached XP level 2. HP: 24/24 MP: 2/2
   886 | D:2      | Reached XP level 3. HP: 30/30 MP: 3/3
  1610 | D:2      | Noticed Natasha
  1612 | D:2      | Killed Natasha
  1612 | D:2      | Reached skill level 5 in Crossbows
  1612 | D:2      | Reached XP level 4. HP: 29/38 MP: 4/4
  1897 | D:2      | Noticed Natasha
  1909 | D:2      | Killed Natasha
  1909 | D:2      | Reached XP level 5. HP: 8/45 MP: 5/5
  2375 | D:2      | Noticed Natasha
  2377 | D:2      | Killed Natasha
  3506 | D:3      | Found a runed door.
  3511 | D:3      | Noticed Crazy Yiuf
  3517 | D:3      | Killed Crazy Yiuf
  3517 | D:3      | Reached XP level 6. HP: 41/52 MP: 6/6
  3977 | D:4      | Noticed Tiareth's ghost (novice DECj)
  4008 | D:4      | Killed Tiareth's ghost
  4008 | D:4      | Reached skill level 1 in Armour
  4008 | D:4      | Reached XP level 7. HP: 39/60 MP: 7/7
  4187 | D:4      | Found a basalt altar of Yredelemnul.
  4270 | D:4      | Noticed Duvessa
  4301 | D:4      | Noticed Dowan
  4301 | D:4      | Killed Duvessa
  4301 | D:4      | Reached skill level 5 in Fighting
  4319 | D:4      | Killed Dowan
  5108 | D:5      | Entered Level 5 of the Dungeon
  5183 | D:5      | Noticed Ijyb
  5197 | D:5      | Killed Ijyb
  5235 | D:5      | Noticed Edmund
  5256 | D:5      | Killed Edmund
  5256 | D:5      | Reached XP level 8. HP: 70/70 MP: 8/8
  5289 | D:5      | Found a blossoming altar of Fedhas.
  5420 | D:5      | Found a glowing drain.
  5447 | Sewer    | Entered a sewer
  6138 | D:5      | Noticed Grinder
  6155 | D:5      | Killed Grinder
  6498 | D:6      | Found an opulent altar of Gozag.
  6877 | D:6      | Reached XP level 9. HP: 63/79 MP: 9/9
  7476 | D:6      | Found a staircase to the Ecumenical Temple.
  7488 | Temple   | Entered the Ecumenical Temple
  7514 | Temple   | Became a worshipper of Gozag Ym Sagoz the Greedy
  7803 | D:7      | Found Ynoerchej's Weapon Boutique.
  7803 | D:7      | Found a sparkling altar of Nemelex Xobeh.
  8426 | D:7      | Reached skill level 5 in Armour
  9231 | D:8      | Found Soniunka's Gadget Boutique.
  9398 | D:8      | Reached skill level 10 in Crossbows
 10023 | D:8      | Noticed a gargoyle
 10037 | D:7      | Reached XP level 10. HP: 76/90 MP: 10/10
 10111 | D:7      | Killed a gargoyle
 10640 | D:8      | Noticed a two-headed ogre
 10708 | D:8      | Killed a two-headed ogre
 11036 | D:8      | Found a roughly hewn altar of Beogh.
 11146 | D:8      | Found a staircase to the Lair.
 11220 | D:8      | Found a viscous altar of Jiyva.
 11418 | D:9      | Noticed a spiny frog
 11418 | D:9      | a yak changed into a spiny frog
 11420 | D:9      | Killed a spiny frog
 11425 | D:9      | Reached skill level 10 in Fighting
 11779 | D:7      | Bought the +10 shortbow "Puenumm" {velocity, rN+ Int+3} for 864 gold pieces
 12014 | D:9      | Got an iridescent trident
 12064 | D:9      | Reached skill level 1 in Bows
 12076 | D:9      | Found a staircase to the Orcish Mines.
 12129 | D:9      | Reached skill level 2 in Bows
 12138 | D:9      | Reached skill level 3 in Bows
 12220 | D:9      | Identified the +4 trident of Bread {drain, rF+ Str+4} (You found it on level 9 of the Dungeon)
 12276 | D:9      | Reached skill level 4 in Bows
 12476 | D:9      | Reached skill level 5 in Bows
 12476 | D:9      | Reached XP level 11. HP: 101/101 MP: 11/11
 12506 | D:9      | Reached skill level 6 in Bows
 13164 | D:10     | Entered Level 10 of the Dungeon
 13169 | D:10     | Got a dull robe
 13206 | D:10     | Reached skill level 7 in Bows
 13401 | D:10     | Got a bloodstained rapier
 13502 | D:10     | Found a viscous altar of Jiyva.
 13504 | D:10     | Reached skill level 8 in Bows
 13606 | D:10     | Noticed Terandir's ghost (novice HOMo)
 13635 | D:10     | Killed Terandir's ghost
 13635 | D:10     | Reached skill level 9 in Bows
 13740 | D:10     | Found Rioklan's Food Emporium.
 13745 | D:10     | Bought a ration for 65 gold pieces
 13745 | D:10     | Bought a ration for 65 gold pieces
 13745 | D:10     | Bought a ration for 65 gold pieces
 14342 | Lair:1   | Entered Level 1 of the Lair of Beasts
 14415 | Lair:1   | Reached skill level 10 in Bows
 14582 | Lair:1   | Noticed an oklob plant
 14588 | Lair:1   | Killed an oklob plant
 14666 | Lair:1   | Noticed an oklob plant
 14897 | Lair:1   | Killed an oklob plant
 14897 | Lair:1   | Reached skill level 11 in Bows
 14974 | Lair:1   | Noticed an eight-headed hydra
 14984 | Lair:1   | Killed an eight-headed hydra
 15051 | Lair:1   | Reached skill level 12 in Bows
 15258 | Lair:1   | Noticed an eight-headed hydra
 15263 | Lair:1   | Killed an eight-headed hydra
 15263 | Lair:1   | Reached skill level 13 in Bows
 15394 | Lair:1   | Reached XP level 12. HP: 94/107 MP: 12/12
 15584 | Lair:1   | Identified the +7 rapier "Spider's Undoing" {freeze, rElec MR++ Dex-4 Stlth-} (You found it on level 10 of the Dungeon)
 15717 | Lair:2   | Reached skill level 1 in Short Blades
 15802 | Lair:2   | Reached skill level 14 in Bows
 15913 | Lair:2   | Found a staircase to the Snake Pit.
 16525 | Lair:2   | Reached skill level 5 in Short Blades
 16913 | Lair:3   | Noticed an eight-headed hydra
 16936 | Lair:3   | Killed an eight-headed hydra
 17429 | Lair:3   | Found a staircase to the Swamp.
 17431 | Lair:3   | Found a runed door.
 17435 | Lair:3   | Noticed an eight-headed hydra
 17452 | Lair:3   | Killed an eight-headed hydra
 18248 | Lair:4   | Noticed a death yak
 18285 | Lair:3   | Killed a death yak
 18397 | Lair:4   | Identified the +0 robe of Fortification {SInv} (You found it on level 10 of the Dungeon)
 18618 | Lair:4   | Reached XP level 13. HP: 114/114 MP: 13/13
 21095 | Lair:6   | Entered Level 6 of the Lair of Beasts
 21095 | Lair:6   | Found a viscous altar of Jiyva.
 21095 | Lair:6   | Found a staircase to the Slime Pits.
 21117 | Lair:6   | Got a bloodstained ring mail
 21824 | Lair:6   | Reached skill level 10 in Armour
 22109 | Lair:6   | Got a dazzling buckler
 22159 | Lair:6   | Identified the +2 buckler "Ubbud" {*Slow +Inv rElec Str+2} (You found it on level 6 of the Lair of Beasts)
 22169 | Lair:6   | Identified the +4 ring mail of the Everdark {rElec rC+ Str-4 Slay+3} (You found it on level 6 of the Lair of Beasts)
 22289 | Lair:6   | Noticed a fire dragon
 22538 | Lair:6   | Reached skill level 10 in Short Blades
 22575 | Lair:6   | Found a large runed door.
 22576 | Lair:6   | Found a large runed door.
 22901 | Lair:6   | Killed a fire dragon
 23498 | D:11     | Reached XP level 14. HP: 113/122 MP: 14/14
 24157 | D:11     | Bought an ichor-stained helmet for 180 gold pieces
 24163 | D:11     | Identified the +3 helmet of Awe {Int+2 Stlth+} (You bought it in a shop on level 11 of the Dungeon)
 24282 | D:12     | Found Tewifoam's Gadget Boutique.
 26085 | D:13     | Noticed Sonja
 26093 | D:13     | Killed Sonja
 26687 | Orc:1    | Entered Level 1 of the Orcish Mines
 27106 | Orc:2    | Entered Level 2 of the Orcish Mines
 27106 | Orc:2    | Noticed Josephine
 27126 | Orc:2    | Killed Josephine
 27467 | Orc:1    | Noticed Harold
 27495 | Orc:1    | Killed Harold
 28947 | Orc:2    | Found a roughly hewn altar of Beogh.
 29096 | Orc:2    | Found Meulez's Magic Scroll Boutique.
 29252 | Orc:2    | Bought a scroll of identify for 28 gold pieces
 29252 | Orc:2    | Bought a scroll of identify for 28 gold pieces
 29252 | Orc:2    | Bought a scroll of identify for 28 gold pieces
 29263 | Orc:2    | Found Fecogruu's Magic Scroll Shop.
 29362 | Orc:2    | Bought a scroll of identify for 28 gold pieces
 29362 | Orc:2    | Bought a scroll of identify for 28 gold pieces
 29532 | Orc:2    | Noticed Rupert
 29567 | Orc:2    | Paralysed by Rupert for 2 turns
 29591 | Orc:2    | Killed Rupert
 29664 | Orc:2    | Noticed an orc warlord
 29751 | Orc:2    | Killed an orc warlord
 29751 | Orc:2    | Reached XP level 15. HP: 98/132 MP: 15/15
 30138 | Orc:2    | Found a roughly hewn altar of Beogh.
 30345 | Orc:2    | Found Plog's Distillery.
 30405 | Orc:2    | Found Milec's Gadget Emporium.
 30560 | Orc:2    | Found a staircase to the Elven Halls.
 30623 | Orc:2    | Found the +8 storm bow {elec}
 30661 | Orc:2    | Paralysed by an orc sorcerer for 7 turns
 30989 | Orc:2    | Bought 2 potions of heal wounds for 140 gold pieces
 31845 | D:14     | Found Hysinoupn's Weapon Emporium.
 31872 | D:14     | Bought a smoking dire flail for 270 gold pieces
 31872 | D:14     | Bought a scroll of teleportation for 90 gold pieces
 32018 | D:14     | Noticed Roxanne
 32082 | D:14     | Found Xulit's Armour Emporium.
 32148 | D:14     | Found a gate to the Vaults.
 32703 | D:14     | Bought a +0 pair of gloves of archery for 138 gold pieces
 32703 | D:14     | Bought a scarf of repulsion for 144 gold pieces
 32870 | D:14     | Found a blossoming altar of Fedhas.
 33175 | D:14     | Reached skill level 15 in Bows
 33247 | D:14     | Noticed an orc warlord
 33268 | D:14     | Killed an orc warlord
 33341 | D:14     | Found an iron altar of Okawaru.
 33563 | D:14     | Found Bereliv's Gadget Shoppe.
 33909 | D:15     | Entered Level 15 of the Dungeon
 33921 | D:15     | Noticed Agnes
 33937 | D:15     | Killed Agnes
 34321 | D:15     | Reached skill level 16 in Bows
 34325 | D:15     | Identified the +6 dire flail "Rubotsa" {venom, +Rage rC+} (You bought it in a shop on level 14 of the Dungeon)
 34768 | D:15     | Reached XP level 16. HP: 145/145 MP: 16/16
 35197 | D:15     | Found a staircase to the Depths.
 35217 | D:15     | Noticed Nessos
 35221 | D:15     | Killed Nessos
 35284 | D:15     | Reached skill level 17 in Bows
 35610 | D:14     | Bought the +9 flail of Huttotom {vamp, rElec rPois Int+2 Stlth+} for 1210 gold pieces
 35811 | Swamp:1  | Entered Level 1 of the Swamp
 35987 | Swamp:1  | Noticed a thorn hunter
 35996 | Swamp:1  | Killed a thorn hunter
 36304 | Swamp:1  | Reached skill level 18 in Bows
 37052 | Swamp:2  | Noticed a thorn hunter
 37057 | Swamp:2  | Killed a thorn hunter
 37309 | Swamp:2  | Reached skill level 19 in Bows
 37565 | Swamp:2  | Reached skill level 1 in Maces & Flails
 38167 | Swamp:3  | Noticed Nikola
 38178 | Swamp:2  | Killed Nikola
 38962 | Swamp:4  | Entered Level 4 of the Swamp
 39131 | Swamp:4  | Noticed a thorn hunter
 39220 | Swamp:4  | Reached skill level 20 in Bows
 39232 | Swamp:3  | Killed a thorn hunter
 39232 | Swamp:3  | Reached skill level 5 in Maces & Flails
 39232 | Swamp:3  | Reached XP level 17. HP: 74/152 MP: 17/17
 40027 | Swamp:4  | Got a decaying rune of Zot
 41262 | Snake:1  | Entered Level 1 of the Snake Pit
 41268 | Snake:1  | Reached skill level 5 in Dodging
 41902 | Snake:1  | Found Urghoaloih's Antique Weapon Shop.
 41904 | Snake:1  | Found Xifuep's Food Boutique.
 41906 | Snake:1  | Found Veuggaug's General Store.
 41914 | Snake:1  | Bought the +1 leather armour "Uhyfesia" {rPois rN+ Stlth+} for 428 gold pieces
 41914 | Snake:1  | Bought a scroll of summoning for 161 gold pieces
 41918 | Snake:1  | Bought a brightly glowing long sword for 289 gold pieces
 41919 | Snake:1  | Identified the +10 long sword of the Cup {distort, Int+4} (You bought it in a shop on level 1 of the Snake Pit)
 42058 | Snake:2  | Reached skill level 15 in Fighting
 42126 | Snake:2  | Slain by a salamander

Skill      XL: |  1  2  3  4  5  6  7  8  9 10 11 12 13 14 15 16 17 |
---------------+----------------------------------------------------+-----
Dodging        | 2 3 5 |  5.5
Fighting       | 3 4 5 7 8 10 11 13 14 15 | 15.0
Crossbows      | 5 6 7 8 10 | 10.0
Armour         | 1 2 4 5 7 8 10 12 | 12.2
Bows           | 5 13 14 16 20 | 20.0
Short Blades   | 7 10 11 | 11.4
Maces & Flails | 5 |  5.1
Stealth        | |  0.4

Action                   |  1- 3 |  4- 6 |  7- 9 | 10-12 | 13-15 | 16-18 || total
-------------------------+-------+-------+-------+-------+-------+-------++-------
Melee: Unarmed           |    33 |       |       |       |       |       ||    33
       Kick              |    12 |    24 |    93 |    74 |   240 |     9 ||   452
       Short sword       |    46 |    85 |       |       |       |       ||   131
       Quarterstaff      |       |    13 |   351 |   109 |       |       ||   473
       Trident           |       |       |       |    48 |       |       ||    48
       Rapier            |       |       |       |   122 |  1031 |       ||  1153
       Flail             |       |       |       |       |       |    29 ||    29
       Longbow           |       |       |       |       |       |     1 ||     1
 Fire: Hand crossbow     |    35 |    53 |    19 |    53 |       |       ||   160
       Shortbow          |       |       |       |   472 |   573 |       ||  1045
       Longbow           |       |       |       |       |   281 |   695 ||   976
Throw: Javelin           |       |     3 |       |     1 |       |       ||     4
       Tomahawk          |       |       |       |     2 |       |       ||     2
Invok: Call Merchant     |       |       |       |       |     2 |       ||     2
Evoke: Wand              |       |     2 |    10 |     3 |     6 |       ||    21
  Use: Scroll            |       |     5 |     2 |     6 |    20 |     5 ||    38
       Potion            |       |       |       |       |    11 |     3 ||    14
 Stab: Paralysed         |       |       |     9 |     2 |       |       ||    11
       Petrified         |       |       |     5 |       |       |       ||     5
       Distracted        |       |       |       |     8 |     4 |       ||    12
       Invisible         |       |       |       |       |     4 |       ||     4
  Eat: Chunk             |       |     4 |    10 |       |       |       ||    14
       Ration            |       |     1 |     3 |     5 |    14 |     6 ||    29
Armor: Leather armour    |    58 |     2 |       |       |       |       ||    60
       Scale mail        |       |    42 |   202 |   122 |    71 |       ||   437
       Ring mail         |       |       |       |       |   291 |   191 ||   482
Dodge: Dodged            |    51 |    41 |   139 |   156 |   445 |   119 ||   951
       Deflected         |       |       |       |       |    10 |     9 ||    19
